 Dungeon Crawl Stone Soup version 0.28-a0-730-g892d06dc2c (webtiles) character file.

Game seed: 14444741210944303595

86 bande the Covered (level 4, -6/29 HPs)
             Began as a Gargoyle Fighter on Oct 28, 2021.
             Killed by divine providence
             ... invoked by an orc priest
              (7 damage)
             ... on level 3 of the Dungeon.
             The game lasted 00:03:24 (2554 turns).

bande the Covered (Gargoyle Fighter)                Turns: 2554, Time: 00:03:25

Health: -6/29      AC: 13    Str: 21    XL:     4   Next: 49%
Magic:  4/4        EV:  7    Int:  8    God:
Gold:   100        SH:  4    Dex:  9    Spells: 3/3 levels left

rFire   . . .      SeeInvis .   a - +1 war axe
rCold   . . .      Faith    .   c - +0 buckler
rNeg    + . .      Spirit   .   e - +0 chain mail
rPois   ∞          Reflect  .   (no helmet)
rElec   +          Harm     .   (no cloak)
rCorr   .          Rampage  .   (no gloves)
Will    .....                   (no boots)
Stlth   ..........              (no amulet)
HPRegen 0.09/turn               (no ring)
MPRegen 0.09/turn               (no ring)

@: no status effects
A: sickness immunity, AC +3, negative energy resistance 1, electricity
resistance, torment resistance 1, petrification resistance
a: no special abilities


You were on level 3 of the Dungeon.
You visited 1 branch of the dungeon, and saw 3 of its levels.

You collected 100 gold pieces.

Inventory:

Hand Weapons
 a - a +1 war axe (weapon)
Armour
 c - a +0 buckler (worn)
 e - a +0 chain mail (worn)
Potions
 d - a potion of might


   Skills:
 + Level 3.9 Fighting
 + Level 2.7 Axes
 + Level 4.2 Armour
 + Level 3.7 Shields


You had 3 spell levels left.
You didn't know any spells.
Your spell library was empty.

Dungeon Overview and Level Annotations

Branches:
Dungeon (3/15)

Altars:


Innate Abilities, Weirdness & Mutations

You are immune to sickness and miasma.
Your stone body is resilient. (AC +3)
You are immune to poison.
You resist negative energy. (rN+)
You are resistant to electric shocks. (rElec)
You are resistant to unholy torment.
You are immune to petrification.


Message History

You hit the kobold.
You kill the kobold!
The ball python bites you but does no damage.
The ball python constricts you.
The hobgoblin hits you but does no damage.
You barely miss the ball python. You closely miss the hobgoblin.
The ball python bites you. The ball python constricts you.
A wyvern skeleton comes into view.
The hobgoblin hits you but does no damage.
The ball python bites you. The ball python constricts you.
You slash the ball python!
You kill the ball python!
You completely miss the hobgoblin. The hobgoblin barely misses you.
The hobgoblin hits you but does no damage.
You slash the hobgoblin!
You kill the hobgoblin!
An orc comes into view. It is wielding a +0 short sword.
An orc priest comes into view. It is wielding a +0 flail.
The orc shouts!
The orc priest shouts!
You slash the orc!
You kill the orc!
You hit the wyvern skeleton.
The wyvern skeleton is lightly damaged.
The wyvern skeleton barely misses you. You block the wyvern skeleton's attack.
You hit the wyvern skeleton.
The wyvern skeleton is moderately damaged.
The wyvern skeleton bites you.
You hit the wyvern skeleton but do no damage.
The wyvern skeleton is moderately damaged.
The wyvern skeleton bites you.
The orc priest calls down the wrath of Beogh upon you.
Pain shoots through your body! The wyvern skeleton bites you.
* * * LOW HITPOINT WARNING * * *
The orc priest invokes the aid of Beogh against you.
Pain shoots through your body!
* * * LOW HITPOINT WARNING * * *
The wyvern skeleton bites you but does no damage.
The orc priest calls down the wrath of Beogh upon you.
Beogh smites you!
You die...

.####.#######.##
................
................
.................
........o........
......)$.........
......o..........
........Z........
........@....)...
#######..........
#..........
#..####.### ##.##
# ######..###.#
######.....†[....#
#............###.#
#.............#


You could see an orc priest, an orc and a wyvern skeleton.

Vanquished Creatures
  An adder (D:2)
  2 worms (D:2)
  An orc (D:3)
  2 endoplasms
  12 giant cockroaches
  7 goblins
  2 hobgoblins
  3 jackals (D:1)
  2 quokkas (D:2)
  8 ball pythons
  6 bats
  8 frilled lizards
  7 kobolds
  4 rats
65 creatures vanquished.

Notes
Turn   | Place    | Note
-------+----------+-------------------------------------------
     0 | D:1      | bande the Gargoyle Fighter began the quest for the Orb.
     0 | D:1      | Reached XP level 1. HP: 14/14 MP: 1/1
    31 | D:1      | Reached XP level 2. HP: 2/19 MP: 2/2
   352 | D:1      | Found a faded altar of an unknown god.
   648 | D:1      | Reached XP level 3. HP: 24/24 MP: 3/3
  1590 | D:2      | Reached skill level 4 in Armour
  1590 | D:2      | Reached XP level 4. HP: 28/29 MP: 4/4
  2552 | D:3      | HP: 1/29 [orc priest/nerve-wracking pain (6)]
  2554 | D:3      | Killed from afar by an orc priest

Illustrated notes

Levels and vault maps discovered:
D:1:      dpeg_arrival_fog, layout_basic, basic_ecumenical_altar,
          minmay_octomino_j4
D:2:      minmay_roachtagon, layout_loops_cross
D:3:      layout_basic, lemuel_doored_altar, kiku_gazebo_pond_becter

Skill      XL: |  1  2  3 |
---------------+----------+-----
Axes           | 2 |  2.7
Armour         | 4 |  4.2
Fighting       | |  3.9
Shields        | |  3.7

Action                   |  1- 3 |  4- 6 || total
-------------------------+-------+-------++-------
Melee: War axe           |   115 |    69 ||   184
  Use: Scroll            |       |     5 ||     5
Armor: Scale mail        |    21 |       ||    21
       Chain mail        |    62 |    54 ||   116
Dodge: Dodged            |    65 |    24 ||    89
Block: Buckler           |    32 |    17 ||    49

Table legend: (Time is in decaauts)
 A = Elapsed time spent in this place.
 B = Non-inter-level travel time spent in this place.
 C = Inter-level travel time spent in this place.
 D = Time resting spent in this place.
 E = Time spent auto-exploring this place.
 F = Levels seen in this place.
 G = Mean time per level.
                   A        B        C        D        E       F      G
               +--------+--------+--------+--------+--------+-----+--------+
         Total |   2628 |   2600 |     28 |    593 |   1458 |   3 |  876.0 |
       Dungeon |   2628 |   2600 |     28 |    593 |   1458 |   3 |  876.0 |
               +--------+--------+--------+--------+--------+-----+--------+

Top non-repeatable levels by time:
     D:1: 1548 daAuts
     D:2: 887 daAuts
     D:3: 192 daAuts
